 Dungeon Crawl Stone Soup version 0.25-a0-378-gd2ca0b7745 (console) character file.

Game seed: 1657877962627777949, levelgen mode: deterministic

169 Kagalorn the Sneak (level 5, -7/44 HPs)
             Began as a Naga Arcane Marksman on Jan 7, 2020.
             Mangled by a river rat (10 damage)
             ... in a sewer.
             The game lasted 00:10:13 (2966 turns).

Kagalorn the Sneak (Naga Arcane Marksman)           Turns: 2966, Time: 00:10:13

Health: -7/44      AC:  2    Str: 13    XL:     5   Next: 50%
Magic:  6/6        EV: 10    Int: 13    God:
Gold:   84         SH:  0    Dex: 12    Spells: 6/6 levels left

rFire    . . .     SeeInvis +   a - +1 shortbow
rCold    . . .     Gourm    .   (shield currently unavailable)
rNeg     . . .     Faith    .   e - +0 robe
rPois    +         Spirit   .   (no helmet)
rElec    .         Reflect  .   (no cloak)
rCorr    .         Harm     .   (no gloves)
MR       .....                  (no barding)
Stlth    +++.......             (no amulet)
HPRegen  0.14/turn              (no ring)
MPRegen  0.10/turn              (no ring)

@: short of breath, very slow
A: large, see invisible, deformed body, poison resistance, slowness 2, slow
metabolism 1, spit poison 1, AC +1
a: Spit Poison


You were in a sewer.
You were not hungry.

You visited 1 branch of the dungeon, and saw 3 of its levels.
You also visited: Sewer.

You collected 84 gold pieces.

Inventory:

Hand Weapons
 a - a +1 shortbow (weapon)
 b - a +0 war axe
 j - a +2 dagger of freezing
 r - a +0 whip
Missiles
 d - 25 arrows (quivered)
 k - 5 poisoned darts
Armour
 e - a +0 robe (worn)
 p - a +0 ring mail
Jewellery
 s - a +3 ring of intelligence {unknown}
Scrolls
 h - a scroll of fear
 q - 2 scrolls of identify {unknown}
Potions
 g - a potion of brilliance {unknown}
 i - a potion of haste {unknown}
 l - 2 potions of flight {unknown}
 m - a potion of cancellation {unknown}
Comestibles
 f - 3 rations
 n - 8 chunks of flesh


   Skills:
 - Level 1.0 Fighting
 * Level 3.7 Bows
 - Level 1.5 Dodging
 + Level 5.6 Stealth
 - Level 1.0 Spellcasting
   Level 3.0 Hexes


You had 6 spell levels left.
You didn't know any spells.
Your spell library contained the following spells:

 Spells                   Type           Power        Failure   Level  Hunger
 Corona                   Hex            #......      9%          1    ##.....
 Slow                     Hex            #.......     12%         2    ###....
 Inner Flame              Hex/Fire       #.......     41%         3    ####...
 Portal Projectile        Hex/Tloc       #.....       41%         3    ####...
 Cause Fear               Hex            #.........   63%         4    #####..
 Leda's Liquefaction      Hex/Erth       #.........   83%         4    #####..


Dungeon Overview and Level Annotations

Branches:
Dungeon (3/15)              Sewer (1/1)

Altars:
Gozag
Nemelex Xobeh
Xom

Shops:
D:2 *

Annotations:
D:3 Robin


Innate Abilities, Weirdness & Mutations

You cannot wear boots.
Your serpentine skin is tough. (AC +1)
You have supernaturally acute eyesight. (SInv)
Armour fits poorly on your strangely shaped body.
Your system is resistant to poisons. (rPois)
You cover ground very slowly.
You have a slow metabolism.
You can spit poison.


Message History

* * * LOW HITPOINT WARNING * * *
The rat barely misses you.
Firing (i - inventory. (/) - cycle)
d - 27 arrows (quivered)
Press: ? - help, Shift-Dir - straight line, f/p - river rat
Aim: a river rat (moderately wounded, poisoned)
You shoot an arrow. The arrow barely misses the river rat.
You hear a splash.
The river rat bites you but does no damage.
The rat splashes around in the water.
The rat bites you but does no damage. The river rat bites you!
* * * LOW HITPOINT WARNING * * *
Firing (i - inventory. (/) - cycle)
d - 26 arrows (quivered)
Press: ? - help, Shift-Dir - straight line, f/p - river rat
Aim: a river rat (moderately wounded, poisoned)
You shoot an arrow.
The arrow hits the river rat but does no damage.
The river rat is moderately wounded.
You hear a splash.
The river rat bites you!
You die...

#......##
##÷...
##..≈≈##
##..≈
#≈≈≈≈≈≈#
#≈≈≈≈
#≈≈≈≈≈≈#
#≈≈≈≈
#≈≈≈≈≈≈#
#≈≈≈≈
#≈≈≈≈≈≈#
#≈≈≈≈
#≈≈≈≈≈≈#
#≈÷÷≈
#≈≈≈≈≈≈#
#≈.≈≈
#@(#≈≈≈#
#≈≈#≈
#rr≈≈≈≈#
#≈≈≈≈
#†≈≈≈≈≈#
#≈≈≈≈
#≈≈#≈≈≈#
#≈≈≈≈
#≈#≈≈≈≈#
#≈≈≈≈
#≈≈≈≈≈≈#
#≈≈≈≈
#≈≈≈≈≈≈#
#≈≈≈≈
#≈≈≈≈≈≈#
#≈≈≈≈
#≈≈≈≈≈≈#
#≈≈≈≈


You could see a river rat and a rat.

Vanquished Creatures
  2 worker ants (D:2)
  3 adders
  A river rat (Sewer)
  An ooze (Sewer)
  4 dart slugs
  A leopard gecko (D:1)
  4 orcs (D:3)
  2 ball pythons
  2 giant cockroaches
  7 goblins
  9 hobgoblins
  10 bats
  2 frilled lizards
  8 kobolds
  15 rats
71 creatures vanquished.

Notes
Turn   | Place    | Note
-------+----------+-------------------------------------------
     0 | D:1      | Kagalorn the Naga Arcane Marksman began the quest for the
                  | Orb.
     0 | D:1      | Reached XP level 1. HP: 18/18 MP: 2/2
    27 | D:1      | Reached skill level 1 in Stealth
    61 | D:1      | Reached skill level 2 in Stealth
   296 | D:1      | Reached XP level 2. HP: 25/25 MP: 3/3
   319 | D:1      | Reached skill level 3 in Stealth
   946 | D:1      | Reached skill level 4 in Stealth
   982 | D:1      | Reached XP level 3. HP: 31/31 MP: 4/4
  1222 | D:2      | Reached skill level 5 in Stealth
  1471 | D:2      | Reached XP level 4. HP: 38/38 MP: 5/5
  2048 | D:2      | Found an opulent altar of Gozag.
  2049 | D:2      | Found Gozag's Platinum Reserve.
  2097 | D:2      | Reached XP level 5. HP: 39/44 MP: 6/6
  2265 | D:2      | Found a glowing silver altar of Zin.
  2267 | D:2      | Found an opulent altar of Gozag.
  2267 | D:2      | Found a shimmering blue altar of Sif Muna.
  2269 | D:2      | Found a stormy altar of Qazlal.
  2269 | D:2      | Found a shimmering altar of Xom.
  2269 | D:2      | Found an opulent altar of Gozag.
  2407 | D:3      | Noticed Robin
  2417 | D:3      | Found a sparkling altar of Nemelex Xobeh.
  2595 | D:3      | Found a glowing drain.
  2621 | Sewer    | Entered a sewer
  2961 | Sewer    | HP: 1/44 [river rat (5)]
  2966 | Sewer    | Mangled by a river rat

Levels and vault maps discovered:
D:1:      onia_arrival_pyramid, layout_loops_ring
D:2:      minmay_wonky_spiral, layout_basic, nicolae_gozag_zags_fifth_avenue,
          doesnt_xom_only_xom
D:3:      layout_basic, overflow_temple_1_default, vehumet_crystals,
          portal_sewer_entry_d, nemelex_dance_club_becter, uniq_robin
Sewer:    sewer_minmay_w

Skill      XL: |  1  2  3  4 |
---------------+-------------+-----
Stealth        | 2 4 5 |  5.6
Bows           | 2 3 |  3.7
Fighting       | |  1.0
Dodging        | |  1.5
Spellcasting   | |  1.0
Hexes          | |  3.0

Action                   |  1- 3 |  4- 6 || total
-------------------------+-------+-------++-------
Melee: Unarmed           |    20 |       ||    20
       Whip              |     6 |    23 ||    29
       War axe           |       |    22 ||    22
       Dagger            |       |     5 ||     5
 Fire: Shortbow          |    12 |    43 ||    55
 Abil: Spit Poison       |    32 |    31 ||    63
  Use: Scroll            |       |     6 ||     6
       Potion            |       |     2 ||     2
  Eat: Chunk             |     2 |     6 ||     8
Armor: Robe              |       |    24 ||    24
Dodge: Dodged            |    18 |    72 ||    90

Table legend:
 A = Non-vault XP
 B = Vault XP
 C = Vault XP percentage of total XP
 D = Non-vault monster count
 E = Vault monster count
 F = Vault count percentage of total count
                 A         B        C        D         E       F
            +---------+---------+-------+---------+---------+-------
      Total |     183 |      59 |  24.4 |      50 |      21 |  29.6
            +---------+---------+-------+---------+---------+-------
        D:1 |      37 |       0 |   0.0 |      23 |       0 |   0.0
        D:2 |     129 |       8 |   5.8 |      20 |       5 |  20.0
        D:3 |      17 |      19 |  52.8 |       7 |       3 |  30.0
      Sewer |       0 |      32 | 100.0 |       0 |      13 | 100.0
            +---------+---------+-------+---------+---------+-------
